Map: Sequencer LE

Players

Elroye

  • Race: Zerg Zerg
  • Spawn Location: 1:00

ArchangeL - Winner!

  • Race: Terran Terran
  • Spawn Location: 7:00

Event: WCS Valencia 2017

VOD

Have the link to the VOD?

Description

Time

  • Played on: July 13, 2017, 7:04 a.m.
  • Length: 15:13

All games in this series

Show
View Real Time Build Order
Export as new Build Order

Elroye Zerg 

Build Orders: Pool First 

Get SALT Encoding   

  12  0:00  Drone  
  13  0:12  Overlord  
  13  0:18  Drone  
  14  0:31  Drone x2  
  14  0:34  Drone  
  17  0:45  Extractor, Drone  
  17  0:50  Spawning Pool  
  17  0:55  Drone  
  17  1:19  Hatchery  
  16  1:28  Drone  
  16  1:29  Drone  
  18  1:33  Drone  
  18  1:38  Queen  
  21  1:47  Metabolic Boost  
  21  1:51  Zergling x2  
  22  1:56  Overlord  
  22  2:03  Extractor, Drone  
  23  2:16  Queen  
  23  2:18  Zergling x2  
  23  2:22  Zergling x2  
  27  2:32  Queen, Zergling x2  
  30  2:43  Drone x2  
  32  2:52  Queen  
  32  2:57  Overlord  
  34  3:01  Drone x2  
  33  3:26  Drone  
  34  3:27  Drone x8  
  42  3:46  Overlord  
  42  3:49  Hatchery  
  41  3:59  Drone x3  
  44  4:10  Queen  
  44  4:12  Drone x2  
  44  4:13  Drone x2  
  44  4:14  Drone x2  
  44  4:16  Overlord  
  52  4:19  Overlord  
  52  4:34  Evolution Chamber  
  52  4:35  Evolution Chamber, Zergling x10  
  55  4:40  Zergling x2  
  55  4:41  Zergling x6  
  59  4:47  Drone  
  59  4:51  Extractor, Drone  
  60  5:03  Zerg Melee Weapons Level 1  
  60  5:05  Drone x3  
  63  5:09  Zerg Ground Armor Level 1  
  63  5:11  Drone x3  
  66  5:14  Queen  
  66  5:18  Drone  
  66  5:19  Drone x5  
  74  5:30  Overlord x2  
  74  5:34  Baneling Nest  
  73  5:35  Extractor  
  72  5:43  Drone  
  72  5:44  Drone  
  72  5:45  Overlord x2  
  72  5:49  Lair  
  74  5:50  Hatchery  
  74  5:51  Drone  
  74  5:52  Zergling x2  
  74  5:54  Zergling x2  
  74  5:55  Zergling x2  
  74  5:57  Zergling x2  
  75  6:12  Zergling x18  
  80  6:29  Drone x7  
  80  6:32  Extractor  
  84  6:33  Extractor  
  84  6:36  Drone x3  
  86  6:48  Drone x2  
  86  6:49  Drone  
  86  6:53  Drone  
  90  6:58  Drone  
  90  6:59  Drone  
  90  7:00  Centrifical Hooks, Zerg Melee Weapons Level 2, Drone, Hydralisk Den  
  92  7:02  Hatchery  
  92  7:04  Baneling x6  
  92  7:05  Zergling x2  
  92  7:06  Zergling x14  
  98  7:18  Drone x2  
  98  7:22  Queen  
  102  7:23  Spore Crawler  
  102  7:24  Zerg Ground Armor Level 2  
  102  7:25  Zergling x4  
  102  7:26  Overlord  
  102  7:27  Overlord  
  103  7:58  Hydralisk x7, Muscular Augments  
  105  8:01  Hydralisk  
  105  8:02  Overlord x3  
  106  8:20  Zergling x26  
  113  8:46  Zergling x2  
  113  8:47  Zergling x34  
  127  9:08  Drone x4  
  127  9:09  Drone x6  
  138  9:10  Drone  
  138  9:11  Queen  
  140  9:17  Baneling x15  
  140  9:20  Hydralisk x4  
  140  9:23  Hydralisk  
  150  9:26  Baneling  
  150  9:27  Baneling x7  
  150  9:29  Overlord  
  125  9:53  Zergling x40  
  125  9:55  Overseer x2  
  125  9:56  Pneumatized Carapace  
  136  10:05  Hydralisk x2, Zergling x2  
  136  10:06  Zergling x10  
  142  10:10  Hydralisk x2  
  142  10:11  Zergling x4  
  142  10:23  Baneling  
  142  10:24  Baneling x7  
  142  10:25  Zergling x18  
  142  10:27  Drone x2  
  117  10:55  Hydralisk x7  
  117  10:56  Zergling x8  
  132  11:01  Hydralisk x3  
  132  11:03  Zergling x4  
  130  11:10  Hydralisk x3  
  136  11:15  Baneling x2  
  136  11:17  Hatchery  
  136  11:18  Overseer  
  135  11:19  Zergling x2  
  135  11:20  Zergling x12  
  142  11:32  Baneling  
  142  11:33  Baneling x7  
  142  11:38  Overlord x7  
  141  11:47  Baneling  
  141  11:48  Baneling x7  
  141  11:51  Overlord  
  141  11:57  Baneling x5  
  141  11:58  Zergling x4  
  141  11:59  Zergling x18  
  152  12:01  Zergling x4  
  152  12:02  Zergling x2  
  152  12:09  Infestation Pit  
  152  12:10  Extractor  
  152  12:11  Zergling x10  
  155  12:19  Zergling x8  
  97  12:40  Hydralisk  
  97  12:41  Hydralisk x9  
  97  12:43  Zergling x4  
  113  12:48  Hydralisk x2  
  117  12:55  Baneling x3  
  117  12:56  Baneling, Zergling x2  
  117  12:57  Zergling x6  
  117  12:58  Zergling x2  
  122  13:00  Zergling x4  
  122  13:02  Baneling  
  124  13:06  Zergling x6  
  124  13:07  Zergling x2  
  124  13:09  Baneling x3  
  124  13:10  Baneling  
  124  13:11  Zergling x2  
  124  13:12  Zergling x2  
  130  13:13  Zergling x2  
  130  13:17  Baneling x2  
  130  13:18  Baneling  
  130  13:19  Zergling x8  
  135  13:22  Zergling x6  
  135  13:25  Zergling x4  
  135  13:26  Zergling x2  
  135  13:27  Zergling x2  
  142  13:31  Zergling x8  
  146  13:35  Hive  
  146  13:39  Zergling x8  
  150  13:42  Baneling x5  
  150  13:43  Overseer  
  150  13:47  Baneling x6  
  150  13:49  Zergling x2  
  150  13:50  Zergling x6  
  150  13:55  Zergling x10  
  156  14:02  Zergling x12  
  130  14:12  Zergling x20  
  132  14:21  Hydralisk  
  132  14:22  Hydralisk x3, Zergling x2  
  135  14:26  Hydralisk x2  
  135  14:28  Zergling x4  
  140  14:42  Hatchery  
  139  14:46  Baneling x4  
  139  14:47  Baneling  
Show
View Real Time Build Order
Export as new Build Order

ArchangeL Terran - Winner!

Build Orders: MMM Bio 

Get SALT Encoding   

  12  0:00  SCV  
  13  0:12  SCV  
  14  0:17  Supply Depot  
  14  0:25  SCV  
  15  0:38  SCV  
  15  0:39  Barracks  
  16  0:44  Refinery  
  16  0:50  SCV  
  18  1:04  SCV  
  18  1:09  Barracks  
  18  1:14  Refinery  
  18  1:28  Barracks Reactor  
  18  1:30  Orbital Command  
  18  1:56  Barracks Reactor  
  18  1:57  SCV  
  18  2:00  Supply Depot  
  19  2:04  Reaper x2  
  21  2:09  SCV  
  22  2:21  SCV  
  23  2:31  Supply Depot  
  23  2:32  Reaper x2  
  23  2:33  SCV  
  23  2:36  Reaper  
  27  2:37  Reaper  
  28  2:45  SCV  
  29  2:59  Command Center  
  29  3:03  SCV  
  29  3:04  Reaper  
  31  3:12  Reaper x2  
  33  3:16  Reaper  
  33  3:23  SCV  
  32  3:36  SCV, Reaper  
  34  3:44  Reaper  
  34  3:45  Reaper  
  36  3:49  SCV  
  36  3:56  Command Center  
  36  3:58  Reaper  
  36  4:01  SCV  
  38  4:10  Reaper  
  38  4:11  Orbital Command  
  38  4:13  SCV  
  40  4:18  Reaper x2  
  42  4:25  SCV  
  42  4:27  Barracks  
  43  4:32  Reaper  
  43  4:37  SCV  
  45  4:39  SCV  
  45  4:40  Refinery  
  45  4:41  Refinery  
  45  4:45  Reaper  
  47  4:49  SCV  
  48  4:53  Engineering Bay  
  48  4:54  Engineering Bay  
  48  4:56  SCV  
  49  5:02  SCV  
  50  5:08  SCV  
  50  5:11  Marine x3  
  54  5:16  Barracks Tech Lab, Marine  
  54  5:18  Factory  
  54  5:20  SCV  
  56  5:22  Orbital Command  
  56  5:25  SCV  
  56  5:28  Terran Infantry Weapons Level 1  
  57  5:32  Terran Infantry Armor Level 1, SCV  
  58  5:36  Stimpack  
  58  5:39  Marine  
  58  5:40  Marine x2  
  61  5:43  SCV  
  61  5:44  Marine x2  
  61  5:49  Supply Depot  
  64  5:51  SCV  
  64  5:52  SCV  
  66  5:57  Marine x2  
  66  6:03  SCV  
  69  6:05  SCV  
  69  6:06  Factory Reactor  
  69  6:09  Starport  
  69  6:13  Marine x3  
  69  6:15  Marine x2  
  70  6:27  SCV x3  
  70  6:31  Marine x3  
  76  6:33  Barracks x2  
  76  6:36  Armory  
  76  6:37  Marine  
  77  6:40  Supply Depot  
  77  6:43  Supply Depot  
  77  6:47  Marine  
  77  6:48  SCV x3  
  77  6:51  Factory Reactor  
  77  6:52  Medivac  
  77  6:54  Medivac  
  85  7:02  Marine x2, SCV, Supply Depot  
  88  7:12  Marine x3  
  88  7:13  SCV x2  
  91  7:19  Marine x2  
  91  7:22  Barracks Reactor  
  93  7:23  Barracks Reactor  
  93  7:25  SCV, Supply Depot  
  93  7:28  Medivac  
  93  7:29  Marine  
  96  7:30  Marine  
  96  7:35  SCV x2  
  100  7:37  Marine x3, SCV  
  100  7:41  Terran Infantry Weapons Level 2  
  104  7:44  Terran Infantry Armor Level 2  
  104  7:51  SCV x3  
  106  7:52  Widow Mine x2  
  106  7:55  Supply Depot  
  106  7:58  Refinery  
  111  7:59  Marine  
  111  8:00  Marine x2  
  111  8:01  Marine  
  111  8:13  Marine  
  111  8:14  Marine x4  
  111  8:18  Marine x4  
  111  8:19  Medivac x2  
  120  8:28  SCV x2  
  120  8:31  Marine  
  120  8:33  Marine  
  125  8:35  SCV  
  122  8:45  Marine x3  
  125  8:53  Marine x3, SCV  
  125  8:58  Barracks x2  
  125  9:00  Marine, Factory  
  125  9:02  Factory Tech Lab  
  125  9:04  Marine x2, Combat Shields  
  125  9:10  Marine x5, Supply Depot x2  
  125  9:11  Marine  
  130  9:18  Marine, Medivac  
  133  9:28  Terran Vehicle Weapons Level 1, Supply Depot  
  133  9:30  Supply Depot  
  133  9:31  Siege Tank, Marine x5  
  133  9:32  Medivac  
  139  9:39  Command Center  
  139  9:42  SCV x2  
  121  9:59  Marine x2  
  119  10:04  Marine x5  
  119  10:05  Siege Tank, Marine x5  
  119  10:06  Medivac  
  116  10:08  Factory Tech Lab  
  115  10:17  Marine x2  
  115  10:22  Marine x9  
  115  10:24  Medivac  
  115  10:27  Barracks Tech Lab  
  126  10:29  Siege Tank  
  126  10:34  Marine  
  126  10:35  Marine  
  129  10:36  Medivac  
  129  10:38  Siege Tank  
  129  10:40  Marine x2  
  129  10:41  Marauder  
  126  10:49  Marine x5  
  111  10:55  Marine x4  
  114  10:58  Marine x2  
  114  11:02  Marine  
  116  11:05  Siege Tank  
  116  11:07  Marine x5  
  116  11:09  Terran Infantry Weapons Level 3, Terran Infantry Armor Level 3, Widow Mine  
  124  11:13  Marine  
  124  11:14  Marauder, Medivac  
  124  11:15  Medivac  
  131  11:30  Terran Vehicle Weapons Level 2  
  131  11:32  Marine x7  
  142  11:34  Marine  
  142  11:37  Widow Mine  
  142  11:39  Starport  
  141  11:44  Medivac x2  
  141  11:45  Barracks Tech Lab  
  141  11:46  Barracks Tech Lab  
  145  11:49  Marine x2  
  145  11:50  Marauder  
  145  11:53  Marauder, Marine x4  
  153  12:07  Marine x2  
  155  12:09  Marauder x2  
  155  12:10  Marine  
  155  12:12  Marauder  
  155  12:14  Marauder, Planetary Fortress  
  164  12:17  Supply Depot  
  164  12:28  Marine x2  
  134  12:30  Marauder x2  
  134  12:31  Marine x2  
  134  12:33  Marauder, Marine  
  134  12:34  Marine  
  134  12:36  Marauder  
  126  12:42  Siege Tank x2  
  132  12:52  Marauder x2  
  132  12:54  Marine x2  
  132  12:55  Marauder, Marine x3  
  132  12:57  Marauder  
  145  12:59  Marine  
  146  13:10  Orbital Command, Concussive Shells  
  146  13:11  Medivac x2  
  146  13:12  Marine x4  
  151  13:13  Marauder x2  
  151  13:14  Marine  
  151  13:17  Siege Tank, Marauder, Marine  
  151  13:18  Marauder  
  167  13:20  Medivac  
  167  13:21  Medivac  
  171  13:30  Marine x4  
  175  13:34  Marauder  
  175  13:40  Marine x2  
  175  13:41  Marauder x3  
  185  13:48  Marine x3  
  188  13:58  Supply Depot x2  
  188  14:06  Marine  
  188  14:07  Marine  
  188  14:08  Siege Tank, Marauder x3  
  188  14:09  Marauder  
  176  14:10  Marine x2  
  176  14:11  Marine x2  
  172  14:24  Marine  
  172  14:25  Marine  
  172  14:28  Marine x3  
  172  14:29  Marauder x3, Marine  
  172  14:30  Marauder  
  186  14:42  Marine  
  186  14:43  Marine  
  188  14:46  Marine x4  
  188  14:50  Marauder  
  188  14:51  Marauder x2  
  188  14:52  Marauder  
Tags
 
Add a new tag
Caveats
  • Supply blocks, unpowered buildings, or Contaminate may cause inaccurate times.
  • Supply counts are checked every 10 seconds.